 Dungeon Crawl Stone Soup version 0.31-a0-7-g51783674b7 (webtiles) character file.

Game seed: 2648614792324782538

273 Dittersdorf the Trooper (level 6, 0/39 HPs)
             Began as a Gargoyle Fighter on May 5, 2023.
             Slain by Pikel
             ... wielding a +1 whip of freezing
              (2 damage)
             ... on level 4 of the Dungeon.
             The game lasted 00:03:18 (2966 turns).

Dittersdorf the Trooper (Gargoyle Fighter)          Turns: 2966, Time: 00:03:18

Health: 0/39       AC: 18    Str: 21    XL:     6   Next: 23%
Magic:  6/6        EV:  8    Int:  9    God:
Gold:   163        SH:  6    Dex: 12    Spells: 5/5 levels left

rFire   . . .        a - +1 flail
rCold   . . .        c - +1 buckler
rNeg    + . .        u - +0 chain mail
rPois   ∞            (no helmet)
rElec   +            g - +0 cloak
rCorr   .            f - +1 pair of gloves {Dex+3}
SInv    .            t - +0 pair of boots
Will    .....        (no amulet) Stlth
                     (no ring)
HPRegen 0.26/turn    (no ring)
MPRegen 0.10/turn

%: no passive effects
@: no status effects
A: sickness immunity, AC +4, negative energy resistance 1, electricity
resistance, torment resistance 1, petrification resistance
a: no special abilities


You were on level 4 of the Dungeon.
You visited 1 branch of the dungeon, and saw 4 of its levels.

You collected 163 gold pieces.

Inventory:

Hand Weapons
 a - a +1 flail (weapon)
Missiles
 n - 5 poisoned darts (quivered)
Armour
 c - a +1 buckler (worn)
 f - a +1 pair of gloves of dexterity (worn)
 g - a +0 cloak (worn)
 t - a +0 pair of boots (worn)
 u - a +0 chain mail (worn)
Jewellery
 j - a ring of ice
Wands
 k - a wand of flame (7)
Scrolls
 i - 2 scrolls of poison
 r - 2 scrolls of enchant armour
Potions
 b - a potion of magic {unknown}
 d - 2 potions of might
 e - a potion of resistance {unknown}
 h - a potion of heal wounds {unknown}
 l - a potion of ambrosia {unknown}
 m - 2 potions of brilliance
 o - 5 potions of curing
 q - 2 potions of flight


   Skills:
 + Level 4.6 Fighting
 + Level 3.5 Maces & Flails
 + Level 4.6 Armour
 + Level 4.6 Shields


You had 5 spell levels left.
You didn't know any spells.
Your spell library contained the following spells:

 Spells                   Type           Power      Damage    Failure   Level
 Sandblast                Erth           0%         2d4       97%         1
 Passwall                 Tmut/Erth      0%         N/A       99%         2
 Stone Arrow              Conj/Erth      0%         3d7       100%        3


Dungeon Overview and Level Annotations

Branches:
Dungeon (4/15)
 Temple: D:4-7

Altars:

Annotations:
D:3 2 transporters, Maxmaps's ghost, amateur DsHu
D:4 Pikel


Innate Abilities, Weirdness & Mutations

You are immune to sickness and miasma.
Your stone body is resilient. (AC +4)
You are immune to poison.
You resist negative energy. (rN+)
You are resistant to electric shocks. (rElec)
You are resistant to unholy torment.
You are immune to petrification.


Message History

You barely miss Pikel. Pikel hits you but does no damage. The lemure hits you.
Pikel hits you but does no damage. The lemure hits you but does no damage.
You barely miss Pikel. You block Pikel's attack. The lemure hits you.
You barely miss Pikel. You block Pikel's attack.
The lemure hits you but does no damage.
You hit Pikel but do no damage. The lemure hits you but does no damage.
Pikel barely misses you.
You barely miss Pikel. You block Pikel's attack. The lemure hits you. x2
Pikel barely misses you.
You barely miss Pikel. The lemure barely misses you. You block Pikel's attack.
You hit Pikel.
Pikel is lightly wounded.
Pikel completely misses you. You block the lemure's attack.
You hit Pikel but do no damage.
Pikel is lightly wounded.
Pikel hits you but does no damage. The lemure barely misses you.
You closely miss Pikel.
Pikel is lightly wounded.
Pikel hits you with a +1 whip of freezing.
Pikel freezes you. The lemure hits you but does no damage.
Pikel hits you with a +1 whip of freezing.
* * * LOW HITPOINT WARNING * * *
Pikel freezes you.
* * * LOW HITPOINT WARNING * * *
You block the lemure's attack.
You barely miss Pikel.
Pikel is lightly wounded.
Pikel hits you but does no damage. The lemure hits you but does no damage.
You hit Pikel.
Pikel is lightly wounded.
Pikel hits you with a +1 whip of freezing!
* * * LOW HITPOINT WARNING * * *
Pikel freezes you.
* * * LOW HITPOINT WARNING * * *
The lemure hits you but does no damage.
You hit Pikel.
Pikel is moderately wounded.
Pikel hits you but does no damage. The lemure barely misses you.
Pikel hits you with a +1 whip of freezing.
You die...

##.. ####... ##......
........ #### ........
##..### # ........
#.....# ..# ........
......# #######.....
.##....
......#######...@55.....
#....
.....#...)......#K5...$.
#......
.........########5......
###.... #...######
....... ##... ..>##
....... ##.. ...##
....... ... ....#
....... ..#. ....#
#...... .### ....##


You could see Pikel and 4 lemures.

Vanquished Creatures
  2 orc priests (D:2)
  An iguana (D:4)
  A sleepcap (D:3)
  Jessica (D:2)
  Ijyb (D:4)
  5 adders (D:2)
  2 worms (D:2)
  A dart slug (D:2)
  5 orcs
  4 ball pythons
  3 bats
  2 endoplasms
  2 giant cockroaches (D:2)
  6 goblins
  5 hobgoblins
  5 quokkas
  5 kobolds
  2 rats
53 creatures vanquished.

Notes
Turn   | Place    | Note
-------+----------+-------------------------------------------
     0 | D:1      | Dittersdorf the Gargoyle Fighter began the quest for the
                  | Orb.
     0 | D:1      | Reached XP level 1. HP: 14/14 MP: 1/1
   117 | D:1      | Reached XP level 2. HP: 19/19 MP: 2/2
   806 | D:2      | Reached XP level 3. HP: 21/24 MP: 3/3
  1131 | D:2      | Reached XP level 4. HP: 29/29 MP: 4/4
  1553 | D:2      | Noticed Jessica
  1555 | D:2      | Killed Jessica
  1695 | D:3      | Noticed Maxmaps's ghost (amateur DsHu)
  1698 | D:3      | Noticed a scorpion
  1705 | D:2      | Reached XP level 5. HP: 31/33 MP: 5/5
  1788 | D:3      | Found a transporter.
  1817 | D:3      | Found a transporter.
  1903 | D:3      | Identified the +12 sling "Fogosoir" {drain, rF+ Int+2}
  2633 | D:4      | Reached XP level 6. HP: 30/39 MP: 6/6
  2892 | D:4      | Noticed Ijyb
  2907 | D:4      | Killed Ijyb
  2952 | D:4      | Noticed Pikel
  2966 | D:4      | Slain by Pikel

Illustrated notes

Levels and vault maps discovered:
D:1:      dpeg_arrival_rooms_c, layout_basic, minmay_misc_feat_doors
D:2:      layout_loops_corners, nicolae_hexahallways, minmay_misc_feat_alley,
          uniq_jessica
D:3:      layout_loops_ring, gammafunk_ghost_arena, serial_bayou_pond_e,
          serial_bayou_pond_e
D:4:      layout_cave_pods, eino_curves_03, amcnicky_mini_pool_small, uniq_ijyb,
          uniq_pikel

Skill      XL: |  1  2  3  4 |
---------------+-------------+-----
Fighting       | 4 |  4.6
Armour         | 4 |  4.6
Shields        | 4 |  4.6
Maces & Flails | 3 |  3.5

Action                     |  1- 3 |  4- 6 || total
---------------------------+-------+-------++-------
  Melee: Flail             |    91 |   125 ||   216
    Use: Scroll            |       |    10 ||    10
 Armour: Scale mail        |    43 |    33 ||    76
         Chain mail        |       |    29 ||    29
  Dodge: Dodged            |    30 |    52 ||    82
  Block: Buckler           |    19 |    36 ||    55

Table legend: (Time is in decaauts)
 A = Elapsed time spent in this place.
 B = Non-inter-level travel time spent in this place.
 C = Inter-level travel time spent in this place.
 D = Time resting spent in this place.
 E = Time spent auto-exploring this place.
 F = Levels seen in this place.
 G = Mean time per level.
                   A        B        C        D        E       F      G
               +--------+--------+--------+--------+--------+-----+--------+
         Total |   3033 |   2935 |     98 |    107 |   2226 |   4 |  758.2 |
       Dungeon |   3033 |   2935 |     98 |    107 |   2226 |   4 |  758.2 |
               +--------+--------+--------+--------+--------+-----+--------+

Top non-repeatable levels by time:
     D:2: 1134 daAuts
     D:3: 743 daAuts
     D:1: 688 daAuts
     D:4: 466 daAuts
